 Dungeon Crawl Stone Soup version 0.29.1-15-g9cfb28693d (webtiles) character file.

Game seed: 2735069535637746907

1733 jtron the Shield-Bearer (level 9, -2/73 HPs)
             Began as a Gnoll Wanderer on Mar 21, 2023.
             Was a Follower of Yredelemnul.
             Slain by a wight
             ... wielding a +1 mace
              (6 damage)
             ... on level 6 of the Dungeon.
             The game lasted 00:12:48 (6597 turns).

jtron the Shield-Bearer (Gnoll Wanderer)            Turns: 6597, Time: 00:12:49

Health: -2/73      AC: 14    Str: 13    XL:     9   Next: 5%
Magic:  15/15      EV:  7    Int: 12    God:    Yredelemnul [*.....]
Gold:   219        SH:  6    Dex: 14    Spells: 16/16 levels left

rFire   + . .      SeeInvis .   a - +2 hand axe
rCold   + . .      Faith    .   b - +0 buckler {AC+3}
rNeg    . . .      Spirit   .   e - +2 chain mail of Gaoh {+Blink rCorr}
rPois   +          Reflect  .   (no helmet)
rElec   +          Harm     .   (no cloak)
rCorr   +          Rampage  .   (no gloves)
Will    .....                   (no boots)
Stlth   ..........              (no amulet)
HPRegen 0.22/turn               (no ring)
MPRegen 0.14/turn               (no ring)

@: resistant
A: fangs 1, strong nose, distributed training
a: Renounce Religion, Evoke Blink, Recall Undead Harvest


You were on level 6 of the Dungeon.
You worshipped Yredelemnul.
Yredelemnul was noncommittal.
You visited 2 branches of the dungeon, and saw 7 of its levels.
You also visited: Ossuary.

You collected 219 gold pieces.

Inventory:

Hand Weapons
 a - a +2 hand axe (weapon)
Missiles
 h - 36 stones (quivered)
 k - 8 poisoned darts
 r - 5 atropa-tipped darts
 x - 3 curare-tipped darts
 F - 6 boomerangs
Armour
 b - a +0 buckler of protection (worn)
 d - a +0 leather armour
 e - the +2 chain mail of Gaoh (worn) {+Blink rCorr}
   (You took it off a goblin on level 4 of the Dungeon)

   +Blink:    It lets you blink.
   rCorr:     It protects you from acid and corrosion.
 p - the +0 scale mail of the King of the Hill {Fly MP-9 Slay+2}
   (You found it on level 2 of the Dungeon)

   Slay:      It affects your accuracy & damage with ranged weapons and melee
   (+2).
   MP:        It affects your magic capacity (-9).
   Fly:       It grants you flight.
Jewellery
 t - a ring of ice
Wands
 f - a wand of digging (2)
 y - a wand of flame (6)
 G - a wand of iceblast (6)
Scrolls
 c - 2 scrolls of fear
 i - 3 scrolls of blinking
 m - 2 scrolls of magic mapping {unknown}
 o - a scroll of butterflies {unknown}
 q - a scroll of poison {unknown}
 s - 2 scrolls of immolation {unknown}
 v - 4 scrolls of teleportation {unknown}
 z - 2 scrolls of enchant weapon
 E - a scroll of identify
Potions
 g - 2 potions of curing
 j - a potion of flight
 l - 3 potions of degeneration
 n - 2 potions of mutation
 u - a potion of heal wounds {unknown}
 w - 2 potions of haste
 B - 3 potions of lignification
 C - 2 potions of attraction {unknown}
 D - a potion of berserk rage {unknown}


   Skills:
 + Level 7.7 Fighting
 + Level 4.0 Short Blades
 + Level 4.0 Long Blades
 + Level 6.1 Axes
 + Level 4.0 Maces & Flails
 + Level 4.0 Polearms
 + Level 4.0 Staves
 + Level 4.0 Ranged Weapons
 + Level 4.8 Throwing
 + Level 4.0 Armour
 + Level 4.8 Dodging
 + Level 4.0 Stealth
 + Level 7.7 Shields
 + Level 4.0 Unarmed Combat
 + Level 4.0 Spellcasting
 + Level 3.2 Conjurations
 + Level 3.2 Hexes
 + Level 3.2 Summonings
 + Level 3.2 Necromancy
 + Level 3.2 Translocations
 + Level 3.2 Transmutations
 + Level 3.2 Fire Magic
 + Level 3.2 Ice Magic
 + Level 3.2 Air Magic
 + Level 3.2 Earth Magic
 + Level 3.2 Poison Magic
 + Level 4.4 Invocations
 + Level 4.0 Evocations


You had 16 spell levels left.
You didn't know any spells.
Your spell library contained the following spells:

 Spells                   Type           Power      Damage    Failure   Level
 Beastly Appendage        Tmut           20%        N/A       89%         1
 Blink                    Tloc           20%        N/A       96%         2
 Wereblood                Tmut           10%        N/A       96%         2
 Dazzling Flash           Conj/Hex       20%        N/A       99%         3
 Spider Form              Tmut/Pois      10%        N/A       99%         3
 Iskenderun's Mystic Bla  Conj/Tloc      10%        2d4       100%        4
 Iskenderun's Battlesphe  Conj           10%        2d6       100%        5
 Manifold Assault         Tloc           10%        N/A       100%        5
 Iron Shot                Conj/Erth      5%         9d2       100%        6
 Starburst                Conj/Fire      5%         6d4       100%        6
 Spellforged Servitor     Conj/Summ      5%         N/A       100%        7
 Storm Form               Tmut/Air       5%         N/A       100%        7


Dungeon Overview and Level Annotations

Branches:
Dungeon (6/15)             Temple (1/1) D:5         Ossuary (visited)

Altars:
Ashenzari
Cheibriados
Dithmenos
Elyvilon
Fedhas
Gozag
Hepliaklqana
Kikubaaqudgha
Nemelex Xobeh
Okawaru
Qazlal
Ru
Sif Muna
Trog
Uskayaw
Wu Jian
Xom
Yredelemnul
Zin
The Shining One

Shops:
D:5 :


Innate Abilities, Weirdness & Mutations

You have very sharp teeth.
Your uncanny sense of smell can sniff out nearby items.
Your experience applies equally to all skills.


Message History

Your bullfrog zombie hits the orc priest.
Your bullfrog zombie hits the orc priest.
Something hits your bullfrog zombie!
Your bullfrog zombie is destroyed!
Your orc priest zombie closely misses the wight.
It was a potion of resistance.
You feel protected.
Your orc priest zombie barely misses the wight.
The orc priest hits you but does no damage.
The wight hits you but does no damage. The wight barely misses you.
The wight hits you but does no damage.
Items here: ))) [.
You closely miss the orc priest.
The orc priest is moderately wounded.
You hit the wight but do no damage. x2; You barely miss the wight.
Your orc priest zombie barely misses the wight.
The wight barely misses you.
The wight hits you but does no damage. x2
The orc priest hits you but does no damage.
You hit the orc priest.
The orc priest is heavily wounded.
You hit the wight but do no damage. You hit the wight.
You hit the wight but do no damage.
The wight hits you but does no damage. x2
You block the wight's attack.
The orc priest hits you with a +0 hand axe.
* * * LOW HITPOINT WARNING * * *
Your orc priest zombie barely misses the wight.
You slash the orc priest! Your bite misses the orc priest.
The orc priest is almost dead.
You closely miss the wight. You hit the wight but do no damage. x2
The orc priest hits you with a +0 hand axe.
* * * LOW HITPOINT WARNING * * *
The wight hits you with a +1 mace.
* * * LOW HITPOINT WARNING * * *
You block the wight's attack. The wight hits you but does no damage.
You hit the orc priest.
You kill the orc priest!
You hit the wight but do no damage. x2; You hit the wight.
The dead are walking!
Your orc priest zombie hits the wight.
The wight hits you with a +1 mace.
You die...
Your body rises from the dead as a mindless zombie.

#.#..∆ #.#.# #.#.#
#.#.#
#######.#.###
#...........# #
#.#####.#.#.#
....##z#Z..#.#.#.#
....zz)@z.>......#
##..##z#Z#.#.#...#
#.#Z#.#.....#
#.#...#.....#
#.###.#.###.# #.
#.... ... #. #.#.#
## .. #.#..


You could see 5 wights, a friendly orc zombie and 2 friendly orc priest zombies.

Vanquished Creatures
  An ice beast (D:5)
  2 elf zombies (D:5)
  A bullfrog (D:6)
  2 necrophages (D:5)
  4 scorpions
  6 water moccasin zombies (Ossuary)
  An orc priest (D:6)
  5 hounds
  2 human zombies (D:5)
  A gnoll bouda (D:5)
  A jelly (D:5)
  5 orc wizards (D:5)
  2 mummies (Ossuary)
  2 adders
  3 gnolls (D:5)
  A white imp (D:5)
  4 worms
  4 dart slugs
  15 orcs
  9 bats
  5 endoplasms
  5 giant cockroaches
  9 goblins
  2 hobgoblins
  8 kobolds
  6 quokkas
  6 ball pythons
  2 frilled lizards
  3 hobgoblin zombies (Ossuary)
  8 kobold zombies (Ossuary)
  2 orc skeletons (D:5)
  5 orc zombies (Ossuary)
  5 rats
  A spectral kobold (D:2)
138 creatures vanquished.

Vanquished Creatures (collateral kills)
  A scorpion (D:5)
  An orc priest (D:6)
  2 gnolls (D:5)
  2 orcs
6 creatures vanquished.

Vanquished Creatures (others)
  A bullfrog zombie (D:6)
  Ijyb (D:5)
  A jelly zombie (D:5)
3 creatures vanquished.

Grand Total: 147 creatures vanquished

Notes
Turn   | Place    | Note
-------+----------+-------------------------------------------
     0 | D:1      | jtron the Gnoll Wanderer began the quest for the Orb.
     0 | D:1      | jtron set off with the following items: a +1 hand axe, a +0
                  | buckler of protection, a scroll of fear, a +0 leather
                  | armour.
     0 | D:1      | Reached XP level 1. HP: 23/23 MP: 1/1
   437 | D:1      | Reached XP level 2. HP: 29/29 MP: 2/2
   937 | D:1      | Found a sacrificial altar of Ru.
  1002 | D:2      | Identified the +0 scale mail of the King of the Hill {Fly
                  | MP-9 Slay+2}
  1157 | D:2      | Reached XP level 3. HP: 32/35 MP: 0/3
  1357 | D:2      | Found a faded altar of an unknown god.
  1446 | D:2      | Reached skill level 1 in Invocations
  2008 | D:3      | Reached skill level 1 in Short Blades
  2008 | D:3      | Reached skill level 1 in Long Blades
  2008 | D:3      | Reached skill level 1 in Maces & Flails
  2008 | D:3      | Reached skill level 1 in Polearms
  2008 | D:3      | Reached skill level 1 in Staves
  2008 | D:3      | Reached skill level 1 in Ranged Weapons
  2008 | D:3      | Reached skill level 1 in Armour
  2008 | D:3      | Reached skill level 1 in Stealth
  2008 | D:3      | Reached skill level 1 in Unarmed Combat
  2008 | D:3      | Reached skill level 1 in Spellcasting
  2008 | D:3      | Reached skill level 1 in Evocations
  2253 | D:3      | Reached XP level 4. HP: 40/41 MP: 0/5
  2414 | D:3      | Found a white marble altar of Elyvilon.
  2637 | D:4      | Reached skill level 1 in Conjurations
  2637 | D:4      | Reached skill level 1 in Hexes
  2637 | D:4      | Reached skill level 1 in Summonings
  2637 | D:4      | Reached skill level 1 in Necromancy
  2637 | D:4      | Reached skill level 1 in Translocations
  2637 | D:4      | Reached skill level 1 in Transmutations
  2637 | D:4      | Reached skill level 1 in Fire Magic
  2637 | D:4      | Reached skill level 1 in Ice Magic
  2637 | D:4      | Reached skill level 1 in Air Magic
  2637 | D:4      | Reached skill level 1 in Earth Magic
  2637 | D:4      | Reached skill level 1 in Poison Magic
  2651 | D:4      | Reached XP level 5. HP: 22/47 MP: 0/7
  3253 | D:4      | Identified the +7 dagger "Astrahuti" {drain, Fly MP+9}
  3271 | D:4      | Reached skill level 5 in Axes
  3271 | D:4      | Reached XP level 6. HP: 53/53 MP: 0/8
  3465 | D:4      | Identified the +2 chain mail of Gaoh {+Blink rCorr}
  3873 | D:5      | Entered Level 5 of the Dungeon
  3935 | D:5      | Reached XP level 7. HP: 51/60 MP: 5/10
  4156 | D:5      | Found a sand-covered staircase.
  4197 | Ossuary  | Entered an ossuary
  4349 | Ossuary  | Reached XP level 8. HP: 43/67 MP: 12/12
  4895 | D:5      | Found Zoenybes's Tremendous Tomes.
  5269 | D:5      | Found a staircase to the Ecumenical Temple.
  5276 | Temple   | Entered the Ecumenical Temple
  5482 | Temple   | Became a worshipper of Yredelemnul the Dark
  5595 | D:5      | Reached * piety under Yredelemnul
  5881 | D:5      | Reached ** piety under Yredelemnul
  6172 | D:5      | Noticed Ijyb
  6180 | D:5      | Killed Ijyb
  6477 | D:6      | Reached XP level 9. HP: 53/73 MP: 14/14
  6597 | D:6      | Slain by a wight

Illustrated notes

Levels and vault maps discovered:
D:1:      dpeg_arrival_water_altar, layout_loops_corners
D:2:      layout_loops_ring, dreamdust_ecumenical_altar_drowned_temple,
          minmay_unequal
D:3:      layout_loops_cross, marbit_many_paths
D:4:      layout_cave_pools
D:5:      layout_basic, minmay_temple_entry_waves,
          nicolae_ossuary_entry_catacombs, grunt_ministairs_13,
          hangedman_abyss_or_decor_slice, nicolae_shop_i_like_big_books,
          supply_closet_lemuel, uniq_ijyb
D:6:      layout_basic, kennysheep_generic_room_5, uniq_edmund
Temple:   nicolae_temple_bog_church

Skill      XL: |  1  2  3  4  5  6  7  8  9 |
---------------+----------------------------+-----
Invocations    | 1 2 3 4 |  4.4
Short Blades   | 1 2 3 4 |  4.0
Long Blades    | 1 2 3 4 |  4.0
Maces & Flails | 1 2 3 4 |  4.0
Polearms       | 1 2 3 4 |  4.0
Staves         | 1 2 3 4 |  4.0
Ranged Weapons | 1 2 3 4 |  4.0
Armour         | 1 2 3 4 |  4.0
Stealth        | 1 2 3 4 |  4.0
Unarmed Combat | 1 2 3 4 |  4.0
Spellcasting   | 1 2 3 4 |  4.0
Evocations     | 1 2 3 4 |  4.0
Conjurations   | 1 2 3 |  3.2
Hexes          | 1 2 3 |  3.2
Summonings     | 1 2 3 |  3.2
Necromancy     | 1 2 3 |  3.2
Translocations | 1 2 3 |  3.2
Transmutations | 1 2 3 |  3.2
Fire Magic     | 1 2 3 |  3.2
Ice Magic      | 1 2 3 |  3.2
Air Magic      | 1 2 3 |  3.2
Earth Magic    | 1 2 3 |  3.2
Poison Magic   | 1 2 3 |  3.2
Throwing       | 3 4 |  4.8
Dodging        | 3 4 |  4.8
Axes           | 5 6 |  6.1
Fighting       | 7 |  7.7
Shields        | 7 |  7.7

Action                   |  1- 3 |  4- 6 |  7- 9 || total
-------------------------+-------+-------+-------++-------
Melee: Hand axe          |   124 |   127 |   443 ||   694
       Bite              |    13 |    15 |    54 ||    82
Throw: Stone             |       |       |     4 ||     4
  Use: Potion            |       |     2 |     7 ||     9
       Scroll            |       |     5 |     2 ||     7
 Stab: Sleeping          |     1 |       |       ||     1
       Distracted        |       |       |     1 ||     1
Armor: Leather armour    |    14 |       |       ||    14
       Scale mail        |    27 |    49 |       ||    76
       Chain mail        |       |    15 |   189 ||   204
Dodge: Dodged            |    50 |    51 |    86 ||   187
Block: Buckler           |    27 |    31 |    97 ||   155
